 Dungeon Crawl Stone Soup version 0.26-a0-639-g72c4674329 (webtiles) character file.

Game seed: 11339948824206878909

12205 DogServant the Cleaver (level 11, -1/76 HPs)
             Began as a Gargoyle Berserker on Sept 19, 2020.
             Was a High Priest of Trog.
             Slain by a meliai
             ... wielding a +0 hand axe
              (2 damage)
             ... on level 12 of the Dungeon.
             The game lasted 00:15:56 (13460 turns).

DogServant the Cleaver (Gargoyle Berserker)        Turns: 13460, Time: 00:15:57

Health: -1/76      AC: 16    Str: 23    XL:     11   Next: 89%
Magic:  11/11      EV: 11    Int:  8    God:    Trog [*****.]
Gold:   721        SH:  0    Dex: 10    Spells: 10/10 levels left

rFire    + . .     SeeInvis .   s - +4 battleaxe
rCold    . . .     Faith    .   (shield currently unavailable)
rNeg     + . .     Spirit   .   k - +1 ring mail
rPois    ∞         Reflect  .   u - +0 helmet
rElec    +         Harm     .   t - +0 cloak
rCorr    .         Rampage  .   (no gloves)
MR       .....                  (no boots)
Stlth    ..........             z - amulet of the acrobat
HPRegen  0.22/turn              A - ring of fire
MPRegen  0.12/turn              f - ring of protection from cold

@: about to teleport, berserk cooldown, slowed, very slow
A: negative energy resistance 1, electricity resistance, unbreathing,
petrification resistance, rot immunity, AC +8
a: Berserk, Trog's Hand, Brothers in Arms, Renounce Religion


You were on level 12 of the Dungeon.
You worshipped Trog.
Trog was extremely pleased with you.
You visited 1 branch of the dungeon, and saw 12 of its levels.

You collected 721 gold pieces.

Inventory:

Hand Weapons
 s - a +4 battleaxe (weapon)
 w - a +0 shortbow of flaming
Armour
 k - a +1 ring mail (worn)
 t - a +0 cloak (worn)
 u - a +0 helmet (worn)
 C - a +0 plate armour
Jewellery
 f - a ring of protection from cold (right hand)
 z - an amulet of the acrobat (around neck)
 A - a ring of fire (left hand)
 G - an uncursed amulet of magic regeneration {unknown}
 H - a cursed ring of teleportation {unknown}
Wands
 a - a wand of random effects (39)
 m - a wand of digging (16)
 o - a wand of iceblast (12)
 v - a wand of polymorph (8)
 F - a wand of disintegration (15)
 I - a wand of acid (8)
 J - a wand of enslavement (11)
 O - a wand of flame (22)
Scrolls
 c - 11 scrolls of identify
 j - 3 scrolls of teleportation
 l - 5 scrolls of remove curse
 q - a scroll of brand weapon {unknown}
 B - 2 scrolls of enchant armour
 E - 2 scrolls of fog {unknown}
 K - a scroll of vulnerability {unknown}
 L - a scroll of magic mapping
 P - 2 scrolls of enchant weapon {unknown}
Potions
 b - a potion of magic {unknown}
 d - 2 potions of curing {unknown}
 e - a potion of berserk rage
 g - 2 potions of brilliance {unknown}
 h - 2 potions of haste
 i - a potion of might
 n - 4 potions of ambrosia {unknown}
 p - a potion of cancellation {unknown}
 r - a potion of flight {unknown}
 x - a potion of invisibility {unknown}
 D - a potion of mutation {unknown}
 M - a potion of stabbing {unknown}
 N - 2 potions of heal wounds {unknown}


   Skills:
 + Level 12.0 Fighting
 * Level 13.7 Axes
 - Level 2.4 Armour
 - Level 1.6 Dodging


You had 10 spell levels left.
You didn't know any spells.
Your spell library was empty.

Dungeon Overview and Level Annotations

Branches:
Dungeon (12/15)            Temple (0/1) D:5            Lair (0/6) D:11
    Orc (0/2) D:9

Altars:
Cheibriados
Elyvilon
Gozag
Hepliaklqana
Kikubaaqudgha
Qazlal
Trog
Wu Jian
Xom
Zin


Innate Abilities, Weirdness & Mutations

You are resistant to torment.
Your stone body is resilient. (AC +8)
You are immune to poison.
You resist negative energy. (rN+)
You are resistant to electric shocks. (rElec)
You can survive without breathing.
You are immune to petrification.
You are immune to rotting.


Message History

* * * LOW HITPOINT WARNING * * *
There is an open door here.
You feel a strong urge to attack something.
You are no longer berserk.
You are exhausted.
You feel yourself slow down. The killer bee completely misses you.
The meliai invokes the aid of its god against you.
Something smites you!
* * * LOW HITPOINT WARNING * * *
The killer bee completely misses you. The killer bee stings you.
* * * LOW HITPOINT WARNING * * *
As you read the scroll of teleportation, it crumbles to dust.
You feel strangely unstable.
The killer bee stings you but does no damage.
The meliai hits you with a +0 hand axe.
* * * LOW HITPOINT WARNING * * *
The meliai stings you but does no damage.
The killer bee closely misses you. The killer bee misses you.
The meliai hits you but does no damage. The meliai stings you.
You die... ########### #### #..........# ### ...# #..........# y†.! ...+ #..........# yyy..

...#
#..........###yyyy.†
...#
+.........yy.†yyyyy(
'###
#........yy###!yyyy.
..### #........@y#
###+# #...#
######'#### ###'##
####..# .....#
#....## .....#
#.#### .....#
###.######
######+###
.....###........#
.........#
.....'.#........#
.........#
.....#.......)..#
.........#


You could see a meliai and 4 killer bees.

Vanquished Creatures
  Harold (D:7)
  3 death yaks (D:11)
  Nergalle (D:11)
  Pikel (D:6)
  A cyclops (D:11)
  Psyche (D:10)
  A gargoyle (D:10)
  A queen bee (D:12)
  Prince Ribbit (D:7)
  2 hippogriffs
  Sigmund (D:2)
  A wraith (D:11)
  11 yaks
  4 vampire mosquitoes (D:12)
  Eustachio (D:4)
  A water moccasin (D:11)
  Edmund (D:6)
  Duvessa (D:4)
  2 ice beasts
  3 orc warriors
  A sky beast (D:9)
  A black bear (D:11)
  A necrophage (D:11)
  2 ogres
  5 phantoms
  A crocodile (D:11)
  3 centaurs
  4 lemures (D:6)
  Blork the orc (D:6)
  3 bullfrogs
  4 scorpions
  Dowan (D:4)
  6 killer bees
  9 wights
  2 howler monkeys
  A quasit (D:6)
  3 jellies
  4 hounds
  7 orc priests
  A centaur skeleton (D:10)
  Jessica (D:2)
  A bullfrog skeleton (D:10)
  2 iguanas (D:8)
  5 orc wizards
  7 worker ants
  A hound skeleton (D:10)
  A howler monkey zombie (D:7)
  A worker ant zombie (D:11)
  A river rat (D:4)
  13 adders
  A howler monkey skeleton (D:6)
  3 white imps (D:6)
  4 ufetubi
  An ooze (D:4)
  2 worms
  4 dart slugs
  2 leopard geckos
  25 orcs
  7 giant cockroaches
  13 goblins
  10 hobgoblins
  11 jackals
  5 kobolds
  7 quokkas
  4 bats
  2 frilled lizards (D:3)
  A jackal zombie (D:8)
  6 rats
240 creatures vanquished.

Vanquished Creatures (others)
  A kobold (D:3)
1 creature vanquished.

Grand Total: 241 creatures vanquished

Notes
Turn   | Place    | Note
-------+----------+-------------------------------------------
     0 | D:1      | DogServant the Gargoyle Berserker began the quest for the
                  | Orb.
     0 | D:1      | Reached XP level 1. HP: 14/14 MP: 1/1
   348 | D:1      | Reached XP level 2. HP: 14/19 MP: 2/2
   519 | D:1      | Reached skill level 3 in Axes
  1023 | D:2      | Noticed Jessica
  1029 | D:2      | Killed Jessica
  1029 | D:2      | Reached XP level 3. HP: 24/24 MP: 3/3
  1054 | D:2      | Reached XP level 4. HP: 29/29 MP: 4/4
  1176 | D:2      | Found a hazy altar of Hepliaklqana.
  1336 | D:2      | Found a snail-covered altar of Cheibriados.
  1386 | D:2      | Noticed Sigmund
  1399 | D:2      | Killed Sigmund
  1399 | D:2      | Reached skill level 5 in Axes
  1399 | D:2      | Reached XP level 5. HP: 34/34 MP: 3/5
  1399 | D:2      | Reached XP level 6. HP: 40/40 MP: 3/6
  1465 | D:2      | Reached ** piety under Trog
  1646 | D:2      | Found a stormy altar of Qazlal.
  1885 | D:3      | Reached skill level 5 in Fighting
  2165 | D:3      | Found an opulent altar of Gozag.
  3038 | D:4      | Reached XP level 7. HP: 44/44 MP: 3/7
  3330 | D:4      | Noticed Duvessa
  3330 | D:4      | Noticed Dowan
  3341 | D:4      | Killed Dowan
  3341 | D:4      | Reached skill level 6 in Axes
  3342 | D:4      | Killed Duvessa
  3420 | D:4      | Noticed Eustachio
  3440 | D:4      | Killed Eustachio
  3440 | D:4      | Reached *** piety under Trog
  3612 | D:4      | Reached skill level 7 in Axes
  3612 | D:4      | Reached XP level 8. HP: 52/52 MP: 6/8
  4394 | D:5      | Entered Level 5 of the Dungeon
  4419 | D:5      | Found a staircase to the Ecumenical Temple.
  4668 | D:5      | Found an ornate altar of the Wu Jian Council.
  5464 | D:6      | Noticed Pikel
  5487 | D:6      | Killed Pikel
  5487 | D:6      | Reached skill level 8 in Axes
  5487 | D:6      | Reached XP level 9. HP: 55/58 MP: 7/9
  5805 | D:6      | Reached skill level 9 in Axes
  5975 | D:6      | Noticed Blork the orc
  5986 | D:6      | Killed Blork the orc
  6279 | D:6      | Noticed a moth of wrath
  6281 | D:6      | Found a bloodstained altar of Trog.
  6588 | D:6      | Noticed Edmund
  6598 | D:6      | Killed Edmund
  7009 | D:7      | Noticed Harold
  7033 | D:7      | Killed Harold
  7033 | D:7      | Reached skill level 10 in Axes
  7192 | D:7      | Reached **** piety under Trog
  7296 | D:7      | Noticed Prince Ribbit
  7317 | D:7      | Killed Prince Ribbit
  7317 | D:7      | Reached XP level 10. HP: 66/66 MP: 10/10
  7712 | D:8      | Found a glowing silver altar of Zin.
  7777 | D:8      | Found a white marble altar of Elyvilon.
  8061 | D:8      | Found a shimmering altar of Xom.
  8517 | D:9      | Reached skill level 11 in Axes
  8543 | D:9      | Found an ancient bone altar of Kikubaaqudgha.
  8899 | D:9      | Found a staircase to the Orcish Mines.
  9104 | D:10     | Entered Level 10 of the Dungeon
  9237 | D:10     | Reached skill level 10 in Fighting
  9255 | D:10     | Noticed Psyche
  9261 | D:10     | Paralysed by Psyche for 5 turns
  9267 | D:10     | Killed Psyche
  9821 | D:10     | Reached skill level 12 in Axes
  9908 | D:10     | Noticed a gargoyle
  9919 | D:10     | Killed a gargoyle
  9919 | D:10     | Reached ***** piety under Trog
 10673 | D:11     | Noticed Nergalle
 10686 | D:11     | Killed Nergalle
 10686 | D:11     | Reached XP level 11. HP: 57/73 MP: 11/11
 11099 | D:11     | Noticed a cyclops
 11106 | D:11     | Killed a cyclops
 11652 | D:11     | Noticed a death yak
 11652 | D:11     | Noticed a death yak
 11653 | D:11     | Found a staircase to the Lair.
 11654 | D:11     | Noticed a death yak
 11662 | D:11     | Killed a death yak
 11663 | D:11     | Killed a death yak
 11663 | D:11     | Reached skill level 13 in Axes
 11674 | D:11     | Found a shimmering altar of Xom.
 12522 | D:11     | Killed a death yak
 13459 | D:12     | HP: 3/76 [killer bee (6)]
 13460 | D:12     | HP: 1/76 [meliai/+0 hand axe (3)]
 13460 | D:12     | Slain by a meliai

Illustrated notes

Levels and vault maps discovered:
D:1:      minmay_arrival_radiant_lines, layout_basic, serial_forest,
          infiniplex_forest_lined_2, infiniplex_forest_clump_small,
          infiniplex_forest_clump_small, infiniplex_forest_end_2,
          infiniplex_forest_lined_3, infiniplex_forest_clump_double,
          infiniplex_forest_straight_3
D:2:      layout_loops_ring, kennysheep_slug_shrine,
          nicolae_overflow_hidden_temple, grunt_qazlal_sundering,
          kennysheep_generic_room_15, uniq_sigmund, uniq_jessica
D:3:      layout_basic, nicolae_gozag_cash_rules_everything_around_me
D:4:      layout_layer_cave, gup_sewer_entry_bubbles, uniq_eustachio,
          uniq_duvessa
D:5:      layout_basic, lemuel_crystal_altar, minmay_temple_entry_arrows
D:6:      layout_basic, tgw_trog, uniq_edmund, uniq_blork_the_orc, uniq_pikel
D:7:      layout_basic, uniq_prince_ribbit1, uniq_harold
D:8:      layout_basic, elyvilon_altar_5, lemuel_round_altar, basic_altar,
          serial_rivers, chequers_serial_rivers_small_3,
          chequers_serial_rivers_large_b, chequers_serial_rivers_small_a,
          chequers_serial_rivers_large_a
D:9:      layout_cave_pools, orc_0_dummy, basic_altar
D:10:     layout_stronghold, uniq_psyche
D:11:     layout_loops_cross, dpeg_lair_monsters, basic_altar,
          minmay_misc_feat_alley, uniq_nergalle
D:12:     layout_roguey [special_room_bee]

Skill      XL: |  1  2  3  4  5  6  7  8  9 10 11 |
---------------+----------------------------------+-----
Axes           | 3 5 7 8 10 12 13 | 13.7
Fighting       | 4 5 6 7 9 10 12 | 12.0
Armour         | |  2.4
Dodging        | |  1.6

Action                   |  1- 3 |  4- 6 |  7- 9 | 10-12 || total
-------------------------+-------+-------+-------+-------++-------
Melee: Hand axe          |    58 |   187 |   307 |       ||   552
       War axe           |       |       |    29 |    53 ||    82
       Battleaxe         |       |       |       |   266 ||   266
Invok: Berserk           |       |     3 |     8 |     8 ||    19
       Trog's Hand       |       |       |     2 |     1 ||     3
  Use: Scroll            |       |     5 |     6 |     3 ||    14
Armor: Animal skin       |    12 |     1 |       |       ||    13
       Ring mail         |       |   126 |   146 |   178 ||   450
Dodge: Dodged            |    38 |   117 |   157 |   175 ||   487

Table legend: (Time is in decaauts)
 A = Elapsed time spent in this place.
 B = Non-inter-level travel time spent in this place.
 C = Inter-level travel time spent in this place.
 D = Time resting spent in this place.
 E = Time spent auto-exploring this place.
 F = Levels seen in this place.
 G = Mean time per level.
                   A        B        C        D        E       F      G
               +--------+--------+--------+--------+--------+-----+--------+
         Total |  13701 |  13213 |    488 |   3536 |   7987 |  12 | 1141.8 |
       Dungeon |  13701 |  13213 |    488 |   3536 |   7987 |  12 | 1141.8 |
               +--------+--------+--------+--------+--------+-----+--------+

Top non-repeatable levels by time:
    D:11: 2117 daAuts
     D:4: 1716 daAuts
    D:10: 1573 daAuts
     D:6: 1479 daAuts
     D:1: 1023 daAuts
     D:5: 1021 daAuts
     D:8: 942 daAuts
     D:3: 896 daAuts
     D:2: 860 daAuts
     D:7: 738 daAuts
    D:12: 732 daAuts
     D:9: 600 daAuts
